 Dungeon Crawl Stone Soup version 0.27-a0-808-g60bc5d92e6 (webtiles) character file.

Game seed: 9899017910462153922

338 Zeld the Conjurer (level 6, -4/47 HPs)
             Began as a Human Conjurer on Mar 29, 2021.
             Was a Follower of Vehumet.
             Slain by a hornet zombie (9 damage)
             ... on level 5 of the Dungeon.
             The game lasted 00:08:43 (4459 turns).

Zeld the Conjurer (Human Conjurer)                  Turns: 4459, Time: 00:08:45

Health: -4/47      AC:  7    Str: 13    XL:     6   Next: 85%
Magic:  4/11       EV: 12    Int: 20    God:    Vehumet [*.....]
Gold:   219        SH:  0    Dex: 12    Spells: 1/12 levels left

rFire    . . .     SeeInvis .   (no weapon)
rCold    . . .     Faith    .   (no shield)
rNeg     . . .     Spirit   .   u - +1 robe of Hiasoeku {*Drain rPois Will+ Str+6}
rPois    +         Reflect  .   i - +1 helmet
rElec    .         Harm     .   l - +0 cloak
rCorr    .         Rampage  .   s - +0 pair of gloves
Will     +....                  (no boots)
Stlth    ++........             c - amulet of regeneration
HPRegen  1.15/turn              (no ring)
MPRegen  0.12/turn              (no ring)

@: no status effects
A: no striking features
a: Renounce Religion


You were on level 5 of the Dungeon.
You worshipped Vehumet.
Vehumet was aware of your devotion.
You visited 1 branch of the dungeon, and saw 5 of its levels.

You collected 219 gold pieces.

Inventory:

Armour
 i - a +1 helmet (worn)
 l - a +0 cloak (worn)
 s - a +0 pair of gloves (worn)
 u - the +1 robe of Hiasoeku (worn) {*Drain rPois Will+ Str+6}
   (You found it on level 4 of the Dungeon)

   It affects your strength (+6).
   It protects you from poison.
   It affects your willpower, your defense against some magical effects.
   It causes draining when unequipped.
Jewellery
 c - an amulet of regeneration (around neck)
Scrolls
 a - a scroll of silence {unknown}
 b - 2 scrolls of teleportation {unknown}
 d - a scroll of brand weapon {unknown}
 e - a scroll of noise {unknown}
 f - a scroll of enchant weapon {unknown}
 g - a scroll of holy word {unknown}
 m - a scroll of amnesia {unknown}
 o - 4 scrolls of identify {unknown}
 p - a scroll of fog {unknown}
 q - a scroll of torment {unknown}
 r - a scroll of enchant armour {unknown}
 t - a scroll of magic mapping {unknown}
Potions
 h - 2 potions of haste {unknown}
 j - 8 potions of curing
 k - a potion of cancellation {unknown}
 n - a potion of attraction {unknown}


   Skills:
 * Level 3.4 Fighting
 - Level 2.0 Dodging
 - Level 2.0 Stealth
 * Level 3.9 Spellcasting
 * Level 5.4 Conjurations


You had one spell level left.
You knew the following spells:

 Your Spells              Type           Power      Damage    Failure   Level
a - Magic Dart            Conj           100%       1d8       1%          1
b - Searing Ray           Conj           50%        3d5       1%          2
c - Fulminant Prism       Conj/Hex       7%         3d7       38%         4
d - Iskenderun's Mystic   Conj/Tloc      14%        2d5       38%         4

Your spell library contained the following spells:

 Spells                   Type           Power      Damage    Failure   Level
 Shock                    Conj/Air       56%        1d6       4%          1
 Conjure Flame            Conj/Fire      14%        6-21      13%         3
 Dazzling Flash           Conj/Hex       28%        N/A       13%         3
 Mephitic Cloud           Conj/Pois/Air  11%        N/A       19%         3
 Blink                    Tloc           N/A        N/A       21%         2
 Call Imp                 Summ           3%         N/A       21%         2
 Slow                     Hex            3%         N/A       21%         2


Dungeon Overview and Level Annotations

Branches:
Dungeon (5/15)
 Temple: D:4-7

Altars:
Ashenzari
Hepliaklqana
Uskayaw
Vehumet

Shops:
D:3 ![*


Message History

a - a scroll labelled CIMALEIHIR You now have 219 gold pieces (gained 15).
A hornet zombie comes into view.
A hornet zombie is nearby!
Casting: Magic Dart (safe; 1% risk of failure)
Confirm with . or Enter, or press ? or * to list all spells.
Aiming: Magic Dart (safe; 1% risk of failure)
Press: ? - help, Shift-Dir - straight line, f - hornet zombie
Aim: a hornet zombie (dormant, 0% to evade)
The magic dart hits the hornet zombie.
The hornet zombie is lightly damaged.
Casting: Magic Dart (safe; 1% risk of failure)
Confirm with . or Enter, or press ? or * to list all spells.
Aiming: Searing Ray (safe; 1% risk of failure)
Press: ? - help, Shift-Dir - straight line, f/p - hornet zombie
Aim: a hornet zombie (lightly damaged, 18% to evade)
The searing ray hits the hornet zombie.
The hornet zombie is moderately damaged. (Press . to maintain the ray.) Unknown command.
The searing ray misses the hornet zombie.
The searing ray hits the hornet zombie!
The hornet zombie is moderately damaged.
The hornet zombie hits you. The hornet zombie hits you!
The searing ray hits the hornet zombie!
The hornet zombie is heavily damaged.
You finish channeling your searing ray.
The hornet zombie barely misses you. The hornet zombie hits you!
The hornet zombie hits you! x2
* * * LOW HITPOINT WARNING * * *
Casting: Searing Ray (safe; 1% risk of failure)
Confirm with . or Enter, or press ? or * to list all spells.
Aiming: Searing Ray (safe; 1% risk of failure)
Press: ? - help, Shift-Dir - straight line, f/p - hornet zombie
Aim: a hornet zombie (heavily damaged, 18% to evade)
The searing ray hits the hornet zombie!
The hornet zombie is severely damaged. (Press . to maintain the ray.)
The hornet zombie hits you!
You die...

### ##.## ##...####
##.......#
#..<.....##
#.#....@Z.#
#.....#..#.....#
#......#.##......#
#.......... ..?...#
...........<.......
.....#.#..##...#...
≈≈#.....#..#
...#... ... #..#
.... .. .. ..#. ..


You could see a hornet zombie.

Vanquished Creatures
  An ogre (D:2)
  A howler monkey (D:4)
  Crazy Yiuf (D:2)
  Jessica (D:2)
  An iguana (D:2)
  A gnoll (D:1)
  4 adders
  2 ufetubi (D:4)
  2 worms
  2 orcs
  6 ball pythons
  3 endoplasms
  12 giant cockroaches
  4 goblins
  6 hobgoblins
  3 jackals (D:2)
  7 kobolds
  2 quokkas (D:2)
  6 bats
  3 frilled lizards
  4 rats
  A spectral orc (D:2)
73 creatures vanquished.

Notes
Turn   | Place    | Note
-------+----------+-------------------------------------------
     0 | D:1      | Zeld the Human Conjurer began the quest for the Orb.
     0 | D:1      | Reached XP level 1. HP: 13/13 MP: 3/3
   439 | D:1      | Reached XP level 2. HP: 20/20 MP: 0/5
   442 | D:1      | Learned a level 2 spell: Searing Ray
   790 | D:1      | Reached skill level 1 in Fighting
   790 | D:1      | Reached XP level 3. HP: 15/26 MP: 0/6
  1371 | D:2      | Noticed Jessica
  1379 | D:2      | Killed Jessica
  1380 | D:2      | Reached XP level 4. HP: 33/33 MP: 3/8
  1387 | D:2      | Learned a level 4 spell: Fulminant Prism
  1704 | D:2      | Found a radiant altar of Vehumet.
  1766 | D:2      | Became a worshipper of Vehumet
  2216 | D:2      | Reached XP level 5. HP: 38/38 MP: 6/9
  2503 | D:2      | Noticed an ogre
  2507 | D:2      | Killed an ogre
  2508 | D:2      | Reached skill level 5 in Conjurations
  2508 | D:2      | Reached XP level 6. HP: 37/46 MP: 4/11
  2515 | D:2      | Learned a level 4 spell: Iskenderun's Mystic Blast
  2565 | D:2      | Found a hazy altar of Hepliaklqana.
  2720 | D:2      | Found a runed translucent door.
  2721 | D:2      | Noticed Crazy Yiuf
  2732 | D:2      | Killed Crazy Yiuf
  2897 | D:3      | Reached * piety under Vehumet
  2897 | D:3      | Offered knowledge of Shock by Vehumet.
  2981 | D:3      | Found Cuhilenn's Assorted Antiques.
  3325 | D:3      | Found a hide-covered altar of Uskayaw.
  3403 | D:3      | Found Xiolymi's Armour Boutique.
  3410 | D:3      | Found Gisseotayv's Distillery.
  4008 | D:4      | Found a broken altar of Ashenzari.
  4414 | D:4      | Identified the +1 robe of Hiasoeku {*Drain rPois Will+
                  | Str+6}
  4439 | D:5      | Entered Level 5 of the Dungeon
  4459 | D:5      | Slain by a hornet zombie

Illustrated notes

Levels and vault maps discovered:
D:1:      dpeg_arrival_arbitrary_c, layout_loops_ring
D:2:      minmay_razor_zed, layout_rooms,
          nicolae_hepliaklqana_monster_ancestors, old_standard_altar,
          uniq_jessica, uniq_crazy_yiuf_cottage
D:3:      minmay_roachtagon, layout_rooms, old_standard_altar, serial_shops,
          shop, shop, shop, grunt_ministairs_8, chequers_serial_rivers_micro_c,
          palyth_stone_intersect
D:4:      layout_loops_cross, cheibrodos_ashenzari_chains
D:5:      layout_cave_pools, minmay_temple_entry_statues_fountains,
          gammafunk_ghost_grave, serial_bayou_lagoon_a

Skill      XL: |  1  2  3  4  5  6 |
---------------+-------------------+-----
Fighting       | 1 2 3 |  3.4
Spellcasting   | 3 |  3.9
Conjurations   | 5 |  5.4
Dodging        | |  2.0
Stealth        | |  2.0

Action                   |  1- 3 |  4- 6 || total
-------------------------+-------+-------++-------
Melee: Unarmed           |     4 |     1 ||     5
 Cast: Magic Dart        |    27 |    87 ||   114
       Searing Ray       |     2 |    18 ||    20
Armor: Robe              |     1 |     9 ||    10
Dodge: Dodged            |    13 |    29 ||    42

Table legend: (Time is in decaauts)
 A = Elapsed time spent in this place.
 B = Non-inter-level travel time spent in this place.
 C = Inter-level travel time spent in this place.
 D = Time resting spent in this place.
 E = Time spent auto-exploring this place.
 F = Levels seen in this place.
 G = Mean time per level.
                   A        B        C        D        E       F      G
               +--------+--------+--------+--------+--------+-----+--------+
         Total |   4443 |   4313 |    130 |    162 |   3696 |   5 |  888.6 |
       Dungeon |   4443 |   4313 |    130 |    162 |   3696 |   5 |  888.6 |
               +--------+--------+--------+--------+--------+-----+--------+

Top non-repeatable levels by time:
     D:2: 1464 daAuts
     D:1: 1371 daAuts
     D:3: 972 daAuts
     D:4: 614 daAuts
     D:5: 19 daAuts
